 Dungeon Crawl Stone Soup version 0.27-a0-1324-ge0d8e047f6 (webtiles) character file.

Game seed: 4573163000085377244

3048 HAL9000 the Covert (level 9, -2/49 HPs)
             Began as a Vine Stalker Brigand on June 23, 2021.
             Slain by Erica (14 damage)
             ... on level 8 of the Dungeon.
             The game lasted 00:16:38 (7160 turns).

HAL9000 the Covert (Vine Stalker Brigand)           Turns: 7160, Time: 00:16:39

Health: -2/49      AC:  5    Str: 15    XL:     9   Next: 87%
Magic:  0/10       EV: 11    Int: 12    God:
Gold:   66         SH:  0    Dex: 17    Spells: 8/8 levels left

rFire    . . .     SeeInvis .   L - +2 short sword (protect)
rCold    + . .     Faith    .   (no shield)
rNeg     . . .     Spirit   +   b - +0 robe
rPois    .         Reflect  .   D - +0 helmet of the Demon Prince {rC+ Regen+}
rElec    .         Harm     .   c - +0 cloak
rCorr    .         Rampage  .   p - +0 pair of gloves
Will     +....                  (no boots)
Stlth    ++........             (no amulet)
HPRegen  2.16/turn              (no ring)
MPRegen  0.12/turn              (no ring)

@: confused
A: fangs 3, regeneration 1, magic shield, antimagic bite, no potion heal 2
a: no special abilities


You were on level 8 of the Dungeon.
You visited 1 branch of the dungeon, and saw 8 of its levels.
You also visited: Ossuary.

You collected 303 gold pieces.
You spent 237 gold pieces at shops.

Inventory:

Hand Weapons
 a - a +4 scimitar
 k - a +1 dagger of protection
 L - a +2 short sword of protection (weapon)
Missiles
 d - 37 poisoned darts (quivered)
 e - 2 curare-tipped darts
 v - 7 boomerangs
Armour
 b - a +0 robe (worn)
 c - a +0 cloak (worn)
 p - a +0 pair of gloves (worn)
 D - the +0 helmet of the Demon Prince (worn) {rC+ Regen+}
   (You bought it in a shop on level 6 of the Dungeon)

   It protects you from cold.
   It increases your rate of health regeneration.
Jewellery
 u - an amulet of faith
Wands
 l - a wand of polymorph (4)
 x - a wand of flame (17)
Scrolls
 f - a scroll of holy word {unknown}
 g - a scroll of fear
 h - a scroll of blinking {unknown}
 m - 3 scrolls of identify {unknown}
 n - a scroll of magic mapping {unknown}
 r - 2 scrolls of acquirement {unknown}
 s - 2 scrolls of immolation {unknown}
 w - 2 scrolls of enchant weapon {unknown}
 y - a scroll of amnesia {unknown}
 B - 3 scrolls of teleportation {unknown}
 I - a scroll of noise {unknown}
Potions
 i - a potion of invisibility
 j - 6 potions of lignification {unknown}
 o - a potion of might {unknown}
 q - 2 potions of cancellation {unknown}
 t - 5 potions of brilliance {unknown}
 z - 7 potions of curing {unknown}
 A - 3 potions of mutation {unknown}
 C - a potion of magic {unknown}
 E - 2 potions of degeneration {unknown}
 F - 2 potions of berserk rage {unknown}
 G - a potion of attraction {unknown}
 H - a potion of flight {unknown}


   Skills:
 - Level 6.5 Fighting
 - Level 6.5 Short Blades
 - Level 1.7 Throwing
 - Level 0.7 Dodging
 + Level 12.5 Stealth


You had 8 spell levels left.
You didn't know any spells.
Your spell library contained the following spells:

 Spells                   Type           Power      Damage    Failure   Level
 Confusing Touch          Hex            0%         N/A       69%         3
 Gell's Gravitas          Tloc           0%         N/A       69%         3
 Petrify                  Tmut/Erth      0%         N/A       97%         4
 Metabolic Englaciation   Hex/Ice        0%         N/A       100%        5
 Yara's Violent Unravell  Hex/Tmut       0%         3d3       100%        5


Dungeon Overview and Level Annotations

Branches:
Dungeon (8/15)             Temple (0/1) D:7         Ossuary (visited)
   Lair: D:8-11

Altars:
Ashenzari
Dithmenos
Hepliaklqana
Nemelex Xobeh
Ru
Vehumet

Shops:
D:2 [   D:6 *

Annotations:
D:3 2 transporters, 27snakeeyes612's ghost, amateur GnFi
D:8 Erica


Innate Abilities, Weirdness & Mutations

You have razor-sharp teeth.
Your natural rate of healing is unusually fast.
When hurt, damage is shared between your health and your magic reserves.
Your bite disrupts and absorbs the magic of your enemies.
Potions cannot restore your health.


Message History

Partly explored, can't reach some places.
Partly explored, can't reach some places.
Partly explored, can't reach some places.
Partly explored, can't reach some places.
Partly explored, can't reach some places.
(D) Dungeon (T) Temple
Where to? (Enter - D:6 @ (x,y), ? - help)
You see here 17 stones.
There is a stone staircase leading down here.
You climb downwards.
Found a metal-bound book and a leather armour.
There is a stone staircase leading up here.
Unknown command.
You pick up a book of Misfortune and begin reading...
You add the spells Confusing Touch, Gell's Gravitas, Petrify, Metabolic Englaciation and Yara's Violent Unravelling to your library.
Erica the Fiery-Tempered comes into view.
She is wielding a +4 scimitar of flaming and wearing a +1 robe of positive energy.
Erica shouts!
Found a stone staircase leading up.
You see here a wand of iceblast (6).
You hit Erica.
Your weapon exudes an aura of protection.
Your bite misses Erica.
Erica is lightly wounded.
Erica gestures wildly while chanting.
Erica flickers and vanishes!
Deactivating autopickup; reactivate with Ctrl-A.
You hear some strange, mumbled words.
You are confused.
You bump into the rock wall.
You closely miss something. Your bite misses something. Something hits you.
Something burns you.
You bump into the rock wall.
Something hits you! Something burns you!
You bump into the rock wall.
Something hits you. Something burns you.
You bump into the rock wall.
Something hits you! Something burns you.
You're too confused to move!
Something hits you!
* * * LOW HITPOINT WARNING * * *
Something burns you.
* * * LOW HITPOINT WARNING * * *
You miss something. Your bite misses something. Something hits you!
You die...

#.##. #.##.
#.##.### #.# ...
... <.. #.# #.# #.#
#.#
#.###########.###/#
#.....<........@..#
#####.#######.###.#
#. #.# #.# #. #.#
### #. #.# #. #.#
#. #.# [. #.#


There were no monsters in sight!

Vanquished Creatures
  Grinder (D:4)
  Sigmund (D:5)
  Eustachio (D:6)
  A water moccasin (D:5)
  2 orc warriors (D:7)
  A sky beast (D:6)
  2 necrophages
  2 phantoms (D:4)
  2 kobold brigands
  Blork the orc (D:6)
  4 scorpions
  A bullfrog (D:6)
  A gnoll sergeant (D:4)
  A wyvern skeleton (D:6)
  A water moccasin skeleton (D:5)
  3 wights (D:6)
  A howler monkey (D:5)
  A bullfrog zombie (D:5)
  2 jellies (D:6)
  2 orc priests
  A hound (D:7)
  A gnoll shaman (D:5)
  2 bullfrog skeletons (D:6)
  A centaur skeleton (D:4)
  5 iguanas
  5 orc wizards
  A hound zombie (D:5)
  A hound skeleton (D:5)
  14 mummies (Ossuary)
  Robin (D:2)
  3 howler monkey skeletons
  4 gnolls (D:4)
  6 adders
  A shadow imp (D:6)
  A white imp (D:6)
  An ufetubus (D:5)
  4 worms
  3 dart slugs
  12 orcs
  6 ball pythons
  6 bats
  7 endoplasms
  2 giant cockroaches
  12 goblins
  8 hobgoblins
  4 jackals (D:2)
  14 kobolds
  3 quokkas
  2 frilled lizards (D:1)
  2 gnoll skeletons (Ossuary)
  3 goblin skeletons (Ossuary)
  2 goblin zombies (D:6)
  3 orc skeletons (Ossuary)
  4 rats
  11 rat skeletons (Ossuary)
187 creatures vanquished.

Vanquished Creatures (others)
  6 plants (D:3)
6 creatures vanquished.

Grand Total: 193 creatures vanquished

Notes
Turn   | Place    | Note
-------+----------+-------------------------------------------
     0 | D:1      | HAL9000 the Vine Stalker Brigand began the quest for the
                  | Orb.
     0 | D:1      | Reached XP level 1. HP: 11/11 MP: 2/2
   475 | D:1      | Reached XP level 2. HP: 15/15 MP: 3/3
   757 | D:1      | Reached XP level 3. HP: 18/18 MP: 4/4
   980 | D:2      | Noticed Robin
  1294 | D:2      | Killed Robin
  1749 | D:2      | Gained mutation: Your natural rate of healing is unusually
                  | fast. [Vine Stalker growth]
  1749 | D:2      | Reached XP level 4. HP: 23/23 MP: 5/5
  1884 | D:2      | Found Duawaxab's Antique Armour Emporium.
  1920 | D:2      | Found a faded altar of an unknown god.
  1962 | D:2      | You fall into a shaft and drop 1 floor!
  2124 | D:3      | Found a sparkling altar of Nemelex Xobeh.
  2217 | D:3      | Reached XP level 5. HP: 26/26 MP: 6/6
  2372 | D:3      | Noticed 27snakeeyes612's ghost (amateur GnFi)
  2390 | D:3      | Found a transporter.
  2420 | D:3      | Found a transporter.
  2588 | D:3      | Found a sacrificial altar of Ru.
  2781 | D:4      | Found a broken altar of Ashenzari.
  2783 | D:4      | Noticed Grinder
  2822 | D:4      | Killed Grinder
  2823 | D:4      | Reached XP level 6. HP: 19/30 MP: 7/7
  2951 | D:4      | Reached skill level 5 in Stealth
  3008 | D:4      | Reached skill level 6 in Stealth
  3114 | D:4      | Reached XP level 7. HP: 23/34 MP: 6/8
  3571 | D:4      | Reached skill level 7 in Stealth
  3852 | D:4      | Reached skill level 8 in Stealth
  3937 | D:5      | Entered Level 5 of the Dungeon
  3937 | D:5      | Noticed Sigmund
  4049 | D:5      | Reached skill level 9 in Stealth
  4049 | D:5      | Gained mutation: You have razor-sharp teeth. [Vine Stalker
                  | growth]
  4049 | D:5      | Reached XP level 8. HP: 37/38 MP: 9/9
  4139 | D:5      | Killed Sigmund
  4140 | D:5      | Reached skill level 10 in Stealth
  4667 | D:5      | Reached skill level 11 in Stealth
  4928 | D:6      | Found Tuimoel's Assorted Antiques.
  4932 | D:6      | Bought a transparent helmet for 237 gold pieces
  4932 | D:6      | Identified the +0 helmet of the Demon Prince {rC+ Regen+}
                  | (You bought it in a shop on level 6 of the Dungeon)
  4984 | D:6      | Noticed Eustachio
  4986 | D:6      | Killed Eustachio
  4987 | D:6      | Reached XP level 9. HP: 46/46 MP: 10/10
  4998 | D:6      | Noticed Blork the orc
  5000 | D:6      | Killed Blork the orc
  5048 | D:6      | Reached skill level 5 in Fighting
  5059 | D:6      | Found a sand-covered staircase.
  5066 | Ossuary  | Entered an ossuary
  6205 | D:6      | Found a shadowy altar of Dithmenos.
  6540 | D:7      | Found a radiant altar of Vehumet.
  6805 | D:7      | Reached skill level 12 in Stealth
  6930 | D:7      | Found a staircase to the Ecumenical Temple.
  6963 | D:7      | Found a hazy altar of Hepliaklqana.
  7149 | D:8      | Noticed Erica
  7160 | D:8      | Slain by Erica

Illustrated notes

Levels and vault maps discovered:
D:1:      minmay_arrival_arboretum_large, layout_basic
D:2:      layout_basic, shapermc_ecumenical_altar_flowoftime, serial_shops,
          shop, nicolae_shop_behind_doors, uniq_robin
D:3:      layout_loops_corners, nemelex_spade_bored_becter, lemuel_round_altar,
          gammafunk_ghost_gnarly_gnolls
D:4:      layout_basic, amcnicky_altar_gilded, uniq_grinder
D:5:      layout_cave_pools, minmay_quadrilaterals, uniq_sigmund
D:6:      layout_gridville, lemuel_doored_altar, enter_ossuary_4, serial_shops,
          nicolae_stop_n_shop_1, uniq_eustachio, uniq_blork_the_orc
D:7:      layout_loops_cross, nicolae_overflow_hidden_temple, lemuel_tele_altar,
          minmay_temple_entry_large_hall
D:8:      layout_basic, elyvilon_altar_1, minmay_joined_circles, uniq_erica

Skill      XL: |  1  2  3  4  5  6  7  8  9 |
---------------+----------------------------+-----
Short Blades   | 2 3 4 6 |  6.5
Stealth        | 6 9 11 12 | 12.5
Fighting       | 4 6 |  6.5
Throwing       | |  1.7
Dodging        | |  0.7

Action                   |  1- 3 |  4- 6 |  7- 9 || total
-------------------------+-------+-------+-------++-------
Melee: Dagger            |   103 |   191 |   311 ||   605
       Bite              |    23 |    61 |   142 ||   226
       Short sword       |       |       |    97 ||    97
Throw: Dart              |     5 |     8 |    21 ||    34
  Use: Potion            |       |     1 |       ||     1
       Scroll            |       |       |     1 ||     1
 Stab: Sleeping          |    10 |    14 |    43 ||    67
       Distracted        |       |       |     1 ||     1
       Fleeing           |       |       |     1 ||     1
Armor: Robe              |    15 |    60 |   123 ||   198
Dodge: Dodged            |    20 |    71 |   108 ||   199

Table legend: (Time is in decaauts)
 A = Elapsed time spent in this place.
 B = Non-inter-level travel time spent in this place.
 C = Inter-level travel time spent in this place.
 D = Time resting spent in this place.
 E = Time spent auto-exploring this place.
 F = Levels seen in this place.
 G = Mean time per level.
                   A        B        C        D        E       F      G
               +--------+--------+--------+--------+--------+-----+--------+
         Total |   6958 |   6651 |    307 |    858 |   4279 |   9 |  773.1 |
       Dungeon |   6633 |   6326 |    307 |    858 |   4122 |   8 |  829.1 |
       Ossuary |    324 |    324 |      0 |      0 |    157 |   1 |  324.0 |
               +--------+--------+--------+--------+--------+-----+--------+

Top non-repeatable levels by time:
     D:1: 1479 daAuts
     D:4: 1236 daAuts
     D:6: 1072 daAuts
     D:5: 848 daAuts
     D:3: 799 daAuts
     D:7: 739 daAuts
     D:2: 436 daAuts
 Ossuary: 324 daAuts
     D:8: 22 daAuts
